 Dungeon Crawl Stone Soup version 0.31-a0-1620-gcbf77bbcfc (webtiles) character file.

Game seed: 7057907252847666907

4256 Newt the Skirmisher (level 10, -4/59 HPs)
             Began as a Kobold Hunter on Jan 11, 2024.
             Was an Elder of Okawaru.
             Slain by a wraith (9 damage)
             ... on level 9 of the Dungeon.
             The game lasted 00:08:56 (8058 turns).

Newt the Skirmisher (Kobold Hunter)                 Turns: 8058, Time: 00:08:57

Health: -4/59      AC:  6    Str: 12    XL:     10   Next: 56%
Magic:  9/10       EV: 23    Int: 10    God:    Okawaru [****..]
Gold:   289        SH:  0    Dex: 20    Spells: 9/9 levels left

rFire   . . .        y - +6 shillelagh "Devastator" {shatter}
rCold   . . .        (no shield)
rNeg    . . .        c - +0 leather armour
rPois   +            j - +1 helmet
rElec   .            B - +0 cloak
rCorr   .            (no gloves)
SInv    .            (no boots)
Will    .....        f - amulet of regeneration
Stlth   +++          q - +5 ring of evasion
HPRegen 1.09/turn    w - ring of poison resistance
MPRegen 0.12/turn

%: no passive effects
@: slowed, very slow
A: small, no large weapons, nightstalker 3
a: Renounce Religion, Heroism, Finesse


You were on level 9 of the Dungeon.
You worshipped Okawaru.
Okawaru was greatly pleased with you.
You visited 2 branches of the dungeon, and saw 10 of its levels.

You collected 421 gold pieces.
You spent 132 gold pieces at shops.

Inventory:

Hand Weapons
 a - a +2 shortbow
 y - the +6 shillelagh "Devastator" (weapon) {shatter}
   (You found it on level 6 of the Dungeon)
Missiles
 u - a throwing net
Armour
 c - a +0 leather armour (worn)
 j - a +1 helmet (worn)
 B - a +0 cloak (worn)
 E - a +0 chain mail of fire resistance
Jewellery
 f - an amulet of regeneration (around neck)
 q - a +5 ring of evasion (left hand)
 w - a ring of poison resistance (right hand)
 H - an amulet of the acrobat
Wands
 v - a wand of digging (6)
 x - a wand of roots (6)
Scrolls
 b - 2 scrolls of butterflies
 d - 3 scrolls of vulnerability
 e - 2 scrolls of fear
 l - 6 scrolls of teleportation
 s - a scroll of torment
 D - a scroll of immolation
 G - a scroll of amnesia
 I - a scroll of blinking
Potions
 g - 2 potions of invisibility
 h - a potion of cancellation
 i - a potion of enlightenment
 m - 5 potions of curing
 n - 4 potions of lignification
 o - a potion of degeneration
 p - 2 potions of mutation
 r - a potion of attraction
 t - a potion of ambrosia {unknown}
 z - a potion of haste {unknown}
 A - a potion of magic {unknown}
 C - 2 potions of brilliance {unknown}
 F - a potion of might {unknown}


   Skills:
 - Level 5.0 Fighting
 + Level 9.8 Maces & Flails
 - Level 10.0 Ranged Weapons
 - Level 7.0 Dodging
 - Level 1.3 Stealth
 - Level 4.1 Evocations


You had 9 spell levels left.
You didn't know any spells.
Your spell library contained the following spells:

 Spells                   Type           Power      Damage    Failure   Level
 Magic Dart               Conj           0%         1d3       43%         1
 Blink                    Tloc           0%         N/A       58%         2
 Vhi's Electric Charge    Tloc/Air       0%         N/A       99%         4
 Arcjolt                  Conj/Air       0%         1d10      100%        5
 Lee's Rapid Deconstruct  Erth           0%         3d4*      100%        5
 Plasma Beam              Fire/Air       0%         2x1d10    100%        6
 Call Imp                 Summ           Unusable   N/A       N/A         2
 Animate Armour           Summ/Erth      Unusable   N/A       N/A         4
 Summon Lightning Spire   Summ/Air       Unusable   N/A       N/A         4

Dungeon Overview and Level Annotations

Branches:
Dungeon (9/15)             Temple (1/1) D:5
   Lair: D:8-11         Orc: D:9-12

Altars:
Ashenzari
Cheibriados
Dithmenos
Elyvilon
Fedhas
Gozag
Hepliaklqana
Kikubaaqudgha
Makhleb
Nemelex Xobeh
Okawaru
Qazlal
Ru
Sif Muna
Trog
Uskayaw
Vehumet
Wu Jian
Yredelemnul
The Shining One

Shops:
D:2 *   D:3 !


Innate Abilities, Weirdness & Mutations

You are small and have problems with some larger weapons.
You are completely attuned to the shadows.


Message History

You feel better. The hornet completely misses you.
The wraith barely misses you. The hornet barely misses you.
The wraith completely misses you.
The hornet stings you but does no damage.
Unknown command.
You hit the hornet.
The hornet and the killer bee shudder.
The hornet is almost dead.
The hornet completely misses you. The wraith closely misses you.
Unknown command.
Unknown command.
You hit the hornet.
The killer bee shudders.
The killer bee is moderately wounded.
You kill the hornet!
Okawaru accepts your kill. The killer bee closely misses you.
The wraith hits you!
* * * LOW HITPOINT WARNING * * *
Unknown command.
Unknown command.
Unknown command.
Unknown command.
You miss the killer bee.
The killer bee is moderately wounded.
You feel like a meek peon again. The killer bee misses you.
Unknown command.
Unknown command.
You sock the killer bee!
The killer bees shudder.
You kill the killer bee!
Okawaru accepts your kill.
The killer bee is heavily wounded.
The killer bee misses you. The wraith barely misses you.
The killer bee closely misses you. The wraith hits you but does no damage.
Unknown command.
Unknown command.
You barely miss the killer bee.
The killer bee is heavily wounded.
The killer bee stings you!
* * * LOW HITPOINT WARNING * * *
The killer bee closely misses you. The wraith hits you!
You die...

#####.######.
.............
......######. ......#
#† #..........# #.
#..........# #.
#..........# #.
#yW........# #.
####@# #####.######.
...>.# #........
####.# #.######. #.#
#.# #. #.# #.# #. #.#
#.# #. #.# #.# #.
####.########.######.
.....................


You could see a wraith and a killer bee.

Vanquished Creatures
  A gargoyle (D:9)
  Jeremiah (D:7)
  A hornet (D:9)
  2 sky beasts
  4 ogres
  A centaur (D:7)
  4 kobold brigands
  2 bullfrogs
  2 scorpions
  17 wights
  13 killer bees (D:9)
  A howler monkey (D:3)
  2 jellies (D:7)
  3 orc priests
  4 hounds
  4 sleepcaps
  8 orc wizards
  An iguana (D:7)
  7 gnolls
  7 adders
  A shadow imp (D:7)
  2 white imps
  A ribbon worm (D:2)
  4 dart slugs
  39 orcs
  9 ball pythons
  2 bats
  7 endoplasms
  3 giant cockroaches
  9 goblins
  3 hobgoblins
  4 jackals (D:1)
  20 kobolds
  3 quokkas
  2 frilled lizards (D:1)
  8 rats
202 creatures vanquished.

Notes
Turn   | Place    | Note
-------+----------+-------------------------------------------
     0 | D:1      | Newt the Kobold Hunter began the quest for the Orb.
     0 | D:1      | Reached XP level 1. HP: 12/12 MP: 1/1
   114 | D:1      | Reached XP level 2. HP: 18/18 MP: 2/2
   420 | D:1      | Reached XP level 3. HP: 22/24 MP: 3/3
   896 | D:2      | Found Womm's Assorted Antiques.
   905 | D:2      | Bought a scroll labelled EDOCSU OSESU for 27 gold pieces
   906 | D:2      | Bought a scroll labelled WYMAOSOLYI for 27 gold pieces
  1116 | D:2      | Reached XP level 4. HP: 19/30 MP: 4/4
  1398 | D:3      | Reached skill level 5 in Fighting
  1608 | D:3      | Reached XP level 5. HP: 35/35 MP: 5/5
  1905 | D:3      | Found Vyt Jiec's Distillery.
  1911 | D:3      | Bought a potion of curing for 39 gold pieces
  1911 | D:3      | Bought a potion of attraction for 39 gold pieces
  1923 | D:3      | Reached skill level 6 in Ranged Weapons
  2529 | D:4      | Reached skill level 7 in Ranged Weapons
  2647 | D:4      | Found a glowing golden altar of the Shining One.
  2653 | D:4      | Reached XP level 6. HP: 40/40 MP: 6/6
  2704 | D:4      | Noticed an ogre
  2721 | D:4      | Killed an ogre
  2722 | D:4      | Reached skill level 8 in Ranged Weapons
  2824 | D:4      | Reached XP level 7. HP: 29/44 MP: 7/7
  3190 | D:4      | Reached skill level 9 in Ranged Weapons
  3198 | D:5      | Entered Level 5 of the Dungeon
  3258 | D:5      | Found a staircase to the Ecumenical Temple.
  3278 | Temple   | Entered the Ecumenical Temple
  3285 | Temple   | Became a worshipper of Warmaster Okawaru
  3925 | D:5      | Reached skill level 10 in Ranged Weapons
  4433 | D:6      | Reached XP level 8. HP: 43/49 MP: 8/8
  4441 | D:6      | Reached skill level 5 in Dodging
  4688 | D:6      | Found the +6 shillelagh "Devastator" {shatter}
  4710 | D:6      | Reached * piety under Okawaru
  4869 | D:6      | Found a bloodstained altar of Trog.
  4914 | D:6      | Reached skill level 1 in Maces & Flails
  4961 | D:6      | Reached XP level 9. HP: 54/54 MP: 9/9
  5081 | D:6      | Found a snail-covered altar of Cheibriados.
  5089 | D:6      | Found a stormy altar of Qazlal.
  5096 | D:6      | Found a shadowy altar of Dithmenos.
  5103 | D:6      | Found an ancient bone altar of Kikubaaqudgha.
  5111 | D:6      | Found a shimmering blue altar of Sif Muna.
  5118 | D:6      | Found a basalt altar of Yredelemnul.
  5124 | D:6      | Found a burning altar of Makhleb.
  5418 | D:7      | Noticed Jeremiah
  5437 | D:7      | Killed Jeremiah
  5437 | D:7      | Reached ** piety under Okawaru
  5623 | D:7      | Reached skill level 5 in Maces & Flails
  5716 | D:7      | Found a broken altar of Ashenzari.
  5985 | D:7      | Reached *** piety under Okawaru
  6565 | D:8      | Reached XP level 10. HP: 46/59 MP: 10/10
  7622 | D:9      | Noticed a gargoyle
  7623 | D:9      | Found a faded altar of an unknown god.
  7623 | D:9      | Found a hazy altar of Hepliaklqana.
  7636 | D:9      | Killed a gargoyle
  7636 | D:9      | Reached **** piety under Okawaru
  8058 | D:9      | Slain by a wraith

Illustrated notes

Levels and vault maps discovered:
D:1:      ncdulo_lavacross, layout_loops_ring
D:2:      layout_rooms, serial_shops, shop
D:3:      minmay_recursive_quarters, layout_loops_ring, serial_shops, shop,
          dk_noncrumbling_4
D:4:      layout_rooms, nicolae_overflow_crystal_walls, minmay_misc_feat_tower
D:5:      layout_layer_cave, minmay_temple_entry_mini_moons
D:6:      layout_basic, trog_book, grunt_temple_overflow_octagram,
          dilly_guarded_unrand_devastator
D:7:      layout_basic, nicolae_ashenzari_skybound, uniq_jeremiah
D:8:      layout_basic, serial_park_tiny_pond
D:9:      layout_small_grid, beargit_hepliaklqana_dungeon_heroes
Temple:   compressed_dpeg_triangle_lava_temple

Skill      XL: |  1  2  3  4  5  6  7  8  9 10 |
---------------+-------------------------------+-----
Fighting       | 3 4 5 |  5.0
Ranged Weapons | 7 8 10 | 10.0
Dodging        | 4 7 |  7.0
Evocations     | 4 |  4.1
Maces & Flails | 2 7 9 |  9.8
Stealth        | |  1.3

Action                     |  1- 3 |  4- 6 |  7- 9 | 10-12 || total
---------------------------+-------+-------+-------+-------++-------
  Melee: Shillelagh        |       |       |    62 |    96 ||   158
         Punch             |       |       |     1 |     1 ||     2
   Fire: Shortbow          |    96 |   152 |   203 |       ||   451
 Invoke: Heroism           |       |       |       |     1 ||     1
    Use: Scroll            |    10 |     2 |     3 |     3 ||    18
         Potion            |       |     1 |     1 |     3 ||     5
   Stab: Sleeping          |       |       |     5 |     3 ||     8
 Armour: Leather armour    |    29 |    59 |    45 |    48 ||   181
  Dodge: Dodged            |    47 |    98 |   125 |   142 ||   412

Table legend: (Time is in decaauts)
 A = Elapsed time spent in this place.
 B = Non-inter-level travel time spent in this place.
 C = Inter-level travel time spent in this place.
 D = Time resting spent in this place.
 E = Time spent auto-exploring this place.
 F = Levels seen in this place.
 G = Mean time per level.
                   A        B        C        D        E       F      G
               +--------+--------+--------+--------+--------+-----+--------+
         Total |   8077 |   7739 |    338 |    787 |   5895 |  10 |  807.7 |
       Dungeon |   8062 |   7738 |    324 |    787 |   5895 |   9 |  895.8 |
        Temple |     14 |      1 |     13 |      0 |      0 |   1 |   14.0 |
               +--------+--------+--------+--------+--------+-----+--------+

Top non-repeatable levels by time:
     D:5: 1193 daAuts
     D:3: 1053 daAuts
     D:7: 1040 daAuts
     D:8: 967 daAuts
     D:6: 927 daAuts
     D:1: 782 daAuts
     D:4: 770 daAuts
     D:9: 700 daAuts
     D:2: 626 daAuts
  Temple: 14 daAuts
